EL
BOWIE BAYSOX @ NEW HAMPSHIRE FISHER CATS
08/13/2049
 
TOP OF THE 1ST
Bowie Baysox batting - Pitching for New Hampshire Fisher Cats : RHP Robby Granados
Pitching: RHP Robby Granados
Batting: RHB Tony Godley 0-0: Ball
1-0: Swinging Strike
1-1: Swinging Strike
1-2: Strikes out swinging
Batting: RHB Jonathan Mendoza 0-0: Ball
1-0: Ball
2-0: Fly out, F7 (Flyball, 78S, EV 83.8 MPH)
Batting: LHB Pat Fontana 0-0: Swinging Strike
0-1: Ball
1-1: Ball
2-1: Swinging Strike
2-2: Ball
3-2: Strikes out swinging
Top of the 1st over - 0 runs, 0 hits, 0 errors, 0 left on base; Bowie 0 - New Hampshire 0
BOTTOM OF THE 1ST
New Hampshire Fisher Cats batting - Pitching for Bowie Baysox : RHP Steve Webb
Pitching: RHP Steve Webb
Batting: RHB Tokuji Kawabata 0-0: Called Strike
0-1: Ball
1-1: Foul Ball, location: 2F
1-2: Ball
2-2: Ball
3-2: Strikes out looking
Batting: RHB Stephen Casteel 0-0: Called Strike
0-1: Ball
1-1: Ball
2-1: Ball
3-1: Ground out 5-3 (Groundball, 56S, EV 87.5 MPH)
Batting: RHB Chris Pounds 0-0: SINGLE (Groundball, 3D, EV 98.8 MPH)
Batting: SHB Gregg Whitecotton 0-0: Called Strike
0-1: SINGLE (Groundball, 15S, EV 68.1 MPH) (infield hit)
Chris Pounds to second
Batting: LHB Gabe Pace 0-0: Fly out, F7 (Flyball, 7, EV 88.8 MPH)
Bottom of the 1st over - 0 runs, 2 hits, 0 errors, 2 left on base; Bowie 0 - New Hampshire 0
TOP OF THE 2ND
Bowie Baysox batting - Pitching for New Hampshire Fisher Cats : RHP Robby Granados
Batting: RHB Ethan Finke 0-0: Ball
1-0: Ball
2-0: SINGLE (Groundball, 56D, EV 105.0 MPH)
Batting: SHB Chris Wright 0-0: Fly out, F8 (Flyball, 8LXD, EV 91.9 MPH)
Batting: RHB Wil Ochoa 0-0: Grounds into double play, 6-4-3 (Groundball, 6S, EV 91.2 MPH)
Top of the 2nd over - 0 runs, 1 hit, 0 errors, 0 left on base; Bowie 0 - New Hampshire 0
BOTTOM OF THE 2ND
New Hampshire Fisher Cats batting - Pitching for Bowie Baysox : RHP Steve Webb
Batting: RHB John Hering 0-0: Ball
1-0: Foul Ball, location: 2F
1-1: Fly out, F9 (Flyball, 9D, EV 97.5 MPH)
Batting: RHB Marcos Villalobos 0-0: Ball
1-0: Ball
2-0: Ball
3-0: Base on Balls
Batting: SHB Bryan Johnston 0-0: Called Strike
Marcos Villalobos steals 2nd, throwing error, E2
Marcos Villalobos to third
0-1: Called Strike
0-2: Ball
1-2: Foul Ball, location: 2F
1-2: Foul Ball, location: 2F
1-2: Ball
2-2: Ball
3-2: Base on Balls
Batting: RHB Justin Powell 0-0: Called Strike
0-1: Fly out, F9 (Flyball, 9D, EV 87.5 MPH)
Runner from 3rd tags up, SCORES, no throw by RF
Batting: RHB Tokuji Kawabata 0-0: Called Strike
0-1: Ball
Bryan Johnston steals 2nd base (no throw)
1-1: Ground out 5-3 (Groundball, 15, EV 93.8 MPH)
Bottom of the 2nd over - 1 run, 0 hits, 1 error, 1 left on base; Bowie 0 - New Hampshire 1
TOP OF THE 3RD
Bowie Baysox batting - Pitching for New Hampshire Fisher Cats : RHP Robby Granados
Batting: RHB Ismael Macedo 0-0: Called Strike
0-1: Foul Ball, location: 2F
0-2: Ball
1-2: Ball
2-2: Foul Ball, location: 2F
2-2: Ground out 6-3 (Groundball, 6, EV 100.0 MPH)
Batting: RHB Simon Van Steenwyk 0-0: Foul Ball, location: 2F
0-1: Swinging Strike
0-2: Ground out 5-3 (Groundball, 56, EV 102.5 MPH)
Batting: RHB Matt Berrier 0-0: Called Strike
0-1: Foul Ball, location: 2F
0-2: Ball
1-2: SINGLE (Groundball, 6, EV 96.2 MPH)
Batting: RHB Tony Godley 0-0: Called Strike
0-1: Foul Ball, location: 2F
0-2: Ball
1-2: Ball
2-2: Foul Ball, location: 2F
2-2: Ground out 5-3 (Groundball, 56, EV 110.6 MPH)
Top of the 3rd over - 0 runs, 1 hit, 0 errors, 1 left on base; Bowie 0 - New Hampshire 1
BOTTOM OF THE 3RD
New Hampshire Fisher Cats batting - Pitching for Bowie Baysox : RHP Steve Webb
Batting: RHB Stephen Casteel 0-0: Fly out, F8 (Flyball, 8LD, EV 99.4 MPH)
Batting: RHB Chris Pounds 0-0: Swinging Strike
0-1: Ball
1-1: Ball
2-1: Foul Ball, location: 2F
2-2: Foul Ball, location: 2F
2-2: Ball
3-2: Hit by Pitch
Batting: SHB Gregg Whitecotton 0-0: Fly out, F9 (Flyball, 9S, EV 91.2 MPH)
Batting: LHB Gabe Pace 0-0: Swinging Strike
0-1: Ball
1-1: Ball
Chris Pounds steals 2nd base
2-1: Foul Ball, location: 2F
2-2: Ball
3-2: Ground out U3 (Groundball, 3L, EV 103.8 MPH)
Bottom of the 3rd over - 0 runs, 0 hits, 0 errors, 1 left on base; Bowie 0 - New Hampshire 1
TOP OF THE 4TH
Bowie Baysox batting - Pitching for New Hampshire Fisher Cats : RHP Robby Granados
Batting: RHB Jonathan Mendoza 0-0: Ball
1-0: Foul Ball, location: 2F
1-1: Ball
2-1: Ball
3-1: Foul Ball, location: 2F
3-2: Strikes out looking
Batting: LHB Pat Fontana 0-0: Ball
1-0: Swinging Strike
1-1: Ball
2-1: Ground out 5-3 (Groundball, 56, EV 77.5 MPH)
Batting: RHB Ethan Finke 0-0: Ball
1-0: Ball
2-0: Ball
3-0: Base on Balls
Batting: SHB Chris Wright 0-0: Ball
1-0: Ball
2-0: Ball
3-0: Called Strike
3-1: Called Strike
3-2: Foul Ball, location: 2F
3-2: Foul Ball, location: 2F
3-2: Strikes out swinging
Top of the 4th over - 0 runs, 0 hits, 0 errors, 1 left on base; Bowie 0 - New Hampshire 1
BOTTOM OF THE 4TH
New Hampshire Fisher Cats batting - Pitching for Bowie Baysox : RHP Steve Webb
Batting: RHB John Hering 0-0: Foul Ball, location: 2F
0-1: Ball
1-1: Ball
2-1: Foul Ball, location: 2F
2-2: Strikes out swinging
Batting: RHB Marcos Villalobos 0-0: Ball
1-0: Foul Ball, location: 2F
1-1: Ball
2-1: SINGLE (Groundball, 4D, EV 109.4 MPH)
Batting: SHB Bryan Johnston 0-0: Called Strike
Marcos Villalobos steals 2nd base
0-1: Swinging Strike
0-2: Ball
1-2: Fly out, F9 (Flyball, 9LMF, EV 90.0 MPH)
Batting: RHB Justin Powell 0-0: Ball
1-0: Fly out, F7 (Flyball, 7, EV 81.9 MPH)
Bottom of the 4th over - 0 runs, 1 hit, 0 errors, 1 left on base; Bowie 0 - New Hampshire 1
TOP OF THE 5TH
Bowie Baysox batting - Pitching for New Hampshire Fisher Cats : RHP Robby Granados
Batting: RHB Wil Ochoa 0-0: Ball
1-0: Ball
2-0: Swinging Strike
2-1: Swinging Strike
2-2: Ball
3-2: Foul Ball, location: 2F
3-2: Strikes out swinging
Batting: RHB Ismael Macedo 0-0: Ball
1-0: Swinging Strike
1-1: Swinging Strike
1-2: Strikes out swinging
Batting: RHB Simon Van Steenwyk 0-0: Called Strike
0-1: Ball
1-1: Ball
2-1: Ball
3-1: Foul Ball, location: 2F
3-2: Strikes out swinging
Top of the 5th over - 0 runs, 0 hits, 0 errors, 0 left on base; Bowie 0 - New Hampshire 1
BOTTOM OF THE 5TH
New Hampshire Fisher Cats batting - Pitching for Bowie Baysox : RHP Steve Webb
Batting: RHB Tokuji Kawabata 0-0: SINGLE (Groundball, 6MS, EV 68.1 MPH) (infield hit)
Batting: RHB Stephen Casteel 0-0: Swinging Strike
0-1: Swinging Strike
0-2: Ball
1-2: Strikes out looking
Batting: RHB Chris Pounds 0-0: Ball
Tokuji Kawabata steals 2nd base (no throw)
1-0: Ball
2-0: Called Strike
2-1: Swinging Strike
2-2: Strikes out swinging
Batting: SHB Gregg Whitecotton 0-0: Foul Ball, location: 2F
0-1: Foul Ball, location: 2F
0-2: Strikes out swinging
Bottom of the 5th over - 0 runs, 1 hit, 0 errors, 1 left on base; Bowie 0 - New Hampshire 1
TOP OF THE 6TH
Bowie Baysox batting - Pitching for New Hampshire Fisher Cats : RHP Robby Granados
Batting: RHB Matt Berrier 0-0: Fly out, F4 (Line Drive, 4, EV 65.0 MPH)
Batting: RHB Tony Godley 0-0: Foul Ball, location: 2F
0-1: Foul Ball, location: 2F
0-2: Ground out 6-3 (Groundball, 6, EV 85.0 MPH)
Batting: RHB Jonathan Mendoza 0-0: Called Strike
0-1: Ball
1-1: Ball
2-1: Ball
3-1: Called Strike
3-2: Ground out 5-3 (Groundball, 5, EV 106.9 MPH)
Top of the 6th over - 0 runs, 0 hits, 0 errors, 0 left on base; Bowie 0 - New Hampshire 1
BOTTOM OF THE 6TH
New Hampshire Fisher Cats batting - Pitching for Bowie Baysox : RHP Steve Webb
Batting: LHB Gabe Pace 0-0: Ball
1-0: SINGLE (Groundball, 6D, EV 98.8 MPH)
Batting: RHB John Hering 0-0: Ball
1-0: Foul Ball, location: 2F
1-1: SINGLE (Groundball, 6MD, EV 98.1 MPH)
Gabe Pace to second
Batting: RHB Marcos Villalobos 0-0: Ball
Gabe Pace steals 3rd base
John Hering to second
1-0: SINGLE (Line Drive, 6M, EV 107.5 MPH)
Gabe Pace scores
John Hering to third
Batting: SHB Bryan Johnston 0-0: Foul Ball, location: 2F
0-1: Called Strike
Marcos Villalobos steals 2nd base
0-2: Foul Ball, location: 2F
0-2: Ball
1-2: Ball
2-2: Ball
3-2: Intentional Walk
Pitching: RHP Jason Turley
Batting: RHB Justin Powell 0-0: Called Strike
0-1: Called Strike
0-2: Ball
1-2: Strikes out swinging
Batting: RHB Tokuji Kawabata 0-0: Ball
1-0: Foul Ball, location: 2F
1-1: Called Strike
1-2: Ball
2-2: Grounds into fielders choice 5-2 (Groundball, 56S, EV 84.4 MPH)
Marcos Villalobos to third
Bryan Johnston to second
Batting: RHB Stephen Casteel 0-0: Ball
1-0: Called Strike
1-1: Swinging Strike
1-2: Strikes out looking
Bottom of the 6th over - 1 run, 3 hits, 0 errors, 3 left on base; Bowie 0 - New Hampshire 2
TOP OF THE 7TH
Bowie Baysox batting - Pitching for New Hampshire Fisher Cats : RHP Robby Granados
Now at 2B: Kirk Seiffert
Now at 3B: Gregg Whitecotton
Batting: LHB Pat Fontana 0-0: Called Strike
0-1: Swinging Strike
0-2: Ball
1-2: SINGLE (Line Drive, 9S, EV 110.6 MPH)
Batting: RHB Ethan Finke 0-0: Called Strike
Pat Fontana steals 2nd base
0-1: Ball
1-1: Called Strike
1-2: Ground out 6-3 (Groundball, 6M, EV 110.0 MPH)
Pat Fontana to third
Batting: SHB Chris Wright 0-0: Swinging Strike
0-1: Called Strike
0-2: Ground out 5-3 (Groundball, 56, EV 107.5 MPH)
Pat Fontana scores
Batting: RHB Wil Ochoa 0-0: Ball
1-0: Foul Ball, location: 2F
1-1: Ball
2-1: Ball
3-1: Hit by Pitch
Pitching: LHP Bryan Reynolds
Batting: RHB Ismael Macedo 0-0: Called Strike
0-1: Ground out 4-3 (Groundball, 4, EV 98.8 MPH)
Top of the 7th over - 1 run, 1 hit, 0 errors, 1 left on base; Bowie 1 - New Hampshire 2
BOTTOM OF THE 7TH
New Hampshire Fisher Cats batting - Pitching for Bowie Baysox : RHP Jason Turley
Batting: RHB Chris Pounds 0-0: Called Strike
0-1: Ball
1-1: Ball
2-1: Swinging Strike
2-2: Foul Ball, location: 2F
2-2: Ball
3-2: Base on Balls
Batting: SHB Gregg Whitecotton 0-0: Ball
Wild Pitch!
Chris Pounds to second
1-0: Ball
2-0: Foul Ball, location: 2F
2-1: Called Strike
2-2: Ball
3-2: Ground out 6-3 (Groundball, 6S, EV 84.4 MPH)
Batting: LHB Gabe Pace 0-0: Intentional Walk
Batting: RHB John Hering 0-0: Foul Ball, location: 2F
0-1: DOUBLE (Line Drive, 7LM, EV 106.9 MPH)
Chris Pounds scores
Gabe Pace to third
Batting: RHB Marcos Villalobos 0-0: Ball
1-0: Ball
2-0: Swinging Strike
2-1: Ball
3-1: Base on Balls
Batting: SHB Bryan Johnston 0-0: Ball
1-0: Swinging Strike
1-1: Swinging Strike
1-2: Foul Ball, location: 2F
1-2: Fly out, F9 (Flyball, 9S, EV 88.8 MPH)
Batting: RHB Justin Powell 0-0: Ball
1-0: Ball
2-0: Foul Ball, location: 2F
2-1: Foul Ball, location: 2F
2-2: Ground out 6-3 (Groundball, 6S, EV 74.4 MPH)
Bottom of the 7th over - 1 run, 1 hit, 0 errors, 3 left on base; Bowie 1 - New Hampshire 3
TOP OF THE 8TH
Bowie Baysox batting - Pitching for New Hampshire Fisher Cats : LHP Bryan Reynolds
Batting: RHB Simon Van Steenwyk 0-0: Foul Ball, location: 2F
0-1: Foul Ball, location: 2F
0-2: Ball
1-2: Ball
2-2: Strikes out swinging
Batting: RHB Matt Berrier 0-0: Ball
1-0: Ball
2-0: Foul Ball, location: 2F
2-1: Foul Ball, location: 2F
2-2: Foul Ball, location: 2F
2-2: Strikes out swinging
Batting: RHB Tony Godley 0-0: Ground out 6-3 (Groundball, 6D, EV 101.9 MPH)
Top of the 8th over - 0 runs, 0 hits, 0 errors, 0 left on base; Bowie 1 - New Hampshire 3
BOTTOM OF THE 8TH
New Hampshire Fisher Cats batting - Pitching for Bowie Baysox : RHP Jason Turley
Pitching: RHP Nick Hodge
Batting: RHB Kirk Seiffert 0-0: Ball
1-0: Ball
2-0: Called Strike
2-1: SINGLE (Line Drive, 8LS, EV 95.6 MPH)
Batting: RHB Stephen Casteel 0-0: Ball
Kirk Seiffert steals 2nd base
1-0: Ball
2-0: Ball
3-0: Called Strike
3-1: Foul Ball, location: 2F
3-2: Ground out 5-3 (Groundball, 5, EV 111.9 MPH)
Batting: RHB Chris Pounds 0-0: Called Strike
0-1: Ball
1-1: Called Strike
1-2: Strikes out swinging
Batting: SHB Gregg Whitecotton 0-0: Ball
1-0: Ball
2-0: SINGLE (Groundball, 6MD, EV 84.4 MPH) (infield hit)
Kirk Seiffert to third
Batting: LHB Gabe Pace 0-0: Ball
1-0: Ball
2-0: Called Strike
2-1: Swinging Strike
2-2: Ball
3-2: Foul Ball, location: 2F
3-2: Ground out 4-3 (Groundball, 4, EV 101.9 MPH)
Bottom of the 8th over - 0 runs, 2 hits, 0 errors, 2 left on base; Bowie 1 - New Hampshire 3
TOP OF THE 9TH
Bowie Baysox batting - Pitching for New Hampshire Fisher Cats : LHP Bryan Reynolds
Pitching: LHP Nick Burnstein
Batting: RHB Jonathan Mendoza 0-0: Ball
1-0: SINGLE (Line Drive, 78S, EV 109.4 MPH)
Batting: LHB Pat Fontana 0-0: Ball
1-0: Foul Ball, location: 2F
1-1: Foul Ball, location: 2F
1-2: Fly out, F8 (Line Drive, 78M, EV 96.9 MPH)
Batting: RHB Ethan Finke 0-0: Swinging Strike
0-1: Ball
1-1: Foul Ball, location: 2F
1-2: Strikes out swinging
Batting: SHB Chris Wright 0-0: Ball
1-0: Foul Ball, location: 2F
1-1: Foul Ball, location: 2F
1-2: Strikes out swinging
Top of the 9th over - 0 runs, 1 hit, 0 errors, 1 left on base; Bowie 1 - New Hampshire 3
Sunday, July 16th , 2023 - OOTP Baseball 24.6 Build 69